Map: Romanticide LE

Players

Pumba - Winner!

  • Race: Zerg Zerg
  • League: Diamond
  • Spawn Location: 11:00

ClsClassiC

  • Race: Terran Terran
  • League: Master
  • Spawn Location: 5:00

VOD

Have the link to the VOD?

Description

Time

  • Played on: Aug. 31, 2021, 6:12 p.m.
  • Length: 16:40
Show
View Real Time Build Order
Export as new Build Order

Pumba Zerg - Winner!

Build Orders: Pool First, Swarm Host 

Get SALT Encoding   

  12  0:00  Drone  
  13  0:12  Overlord  
  13  0:17  Drone  
  14  0:32  Drone x2  
  16  0:41  Drone  
  17  0:44  Extractor  
  17  0:46  Drone  
  17  0:49  Spawning Pool  
  16  0:56  Drone  
  17  1:17  Hatchery  
  16  1:20  Drone  
  16  1:24  Drone  
  18  1:36  Queen  
  18  1:37  Zergling x2  
  21  1:45  Overlord  
  21  1:51  Metabolic Boost  
  21  1:57  Drone  
  22  2:09  Drone  
  22  2:12  Queen  
  25  2:22  Drone x2  
  27  2:31  Lair  
  27  2:34  Extractor  
  26  2:37  Drone x2  
  26  2:43  Drone  
  29  2:45  Drone x2  
  29  2:51  Drone x2  
  33  2:56  Overlord  
  33  3:02  Overlord  
  33  3:07  Drone  
  34  3:18  Queen  
  36  3:21  Drone  
  36  3:23  Drone x5  
  42  3:28  Drone x2  
  44  3:37  Spire  
  44  3:38  Overseer  
  43  3:47  Drone  
  44  3:49  Drone x3  
  47  3:58  Drone  
  47  3:59  Drone x4  
  52  4:07  Extractor  
  52  4:09  Zergling x2  
  52  4:10  Overlord x2  
  52  4:14  Overlord  
  52  4:20  Hatchery  
  52  4:21  Extractor  
  52  4:24  Extractor  
  50  4:34  Drone x3  
  50  4:37  Zergling x6  
  56  4:39  Zergling x6  
  59  5:09  Mutalisk x6  
  59  5:11  Queen  
  73  5:19  Overlord x2  
  73  5:20  Overlord  
  73  5:22  Mutalisk  
  73  5:26  Drone  
  76  5:37  Drone x4  
  76  5:38  Mutalisk x2  
  76  5:41  Zerg Flyer Weapons Level 1  
  84  5:58  Mutalisk  
  84  6:00  Drone x4  
  84  6:01  Extractor  
  89  6:05  Extractor  
  89  6:09  Overlord x2  
  88  6:12  Drone x2  
  88  6:16  Hatchery  
  89  6:24  Drone  
  90  6:28  Drone x9  
  97  6:48  Drone x3  
  97  6:50  Drone x6  
  106  7:01  Mutalisk  
  104  7:14  Overlord  
  104  7:15  Overlord x3  
  104  7:19  Evolution Chamber  
  104  7:20  Evolution Chamber  
  102  7:24  Baneling Nest  
  102  7:25  Extractor  
  102  7:29  Queen  
  102  7:30  Extractor  
  101  7:41  Drone x3, Hatchery  
  101  7:42  Roach Warren  
  102  7:50  Drone x3  
  105  7:51  Drone x3  
  105  7:55  Zerg Missile Weapons Level 1, Zerg Melee Weapons Level 1  
  107  8:07  Overlord x4  
  107  8:09  Zergling x24  
  119  8:25  Roach x6  
  131  8:27  Glial Reconstitution, Centrifugal Hooks  
  131  8:38  Hatchery  
  129  8:55  Roach x21  
  171  8:59  Zergling x8  
  171  9:00  Baneling  
  171  9:01  Baneling x24  
  171  9:02  Baneling x2  
  175  9:18  Overlord x4  
  175  9:26  Infestation Pit  
  174  9:33  Zergling x6  
  174  9:34  Zergling x14  
  180  9:44  Zergling x10  
  180  9:45  Zergling x12  
  191  10:00  Zerg Melee Weapons Level 2  
  191  10:01  Zerg Missile Weapons Level 2  
  191  10:04  Zergling x14  
  191  10:05  Zergling x4  
  191  10:06  Baneling x6  
  191  10:07  Baneling x8  
  185  10:30  Zergling x26  
  146  10:51  Zergling x26  
  146  10:54  Zergling x4  
  142  11:12  Baneling x13  
  142  11:13  Baneling x4  
  142  11:14  Baneling x2  
  107  11:48  Swarm Host x8  
  107  11:49  Swarm Host x7  
  107  11:50  Swarm Host  
  145  11:55  Zergling x22  
  149  12:05  Roach x8  
  158  12:10  Zergling x10  
  163  12:42  Roach x9  
  181  13:12  Baneling x4  
  181  13:13  Baneling x15  
  181  13:44  Extractor x2  
  179  13:57  Zerg Ground Armor Level 1  
  179  14:02  Zergling x16  
  187  14:03  Zergling x14  
  187  14:05  Hive  
  157  14:29  Roach x7  
  142  14:51  Zergling x16  
  142  14:52  Zergling x12  
  156  14:53  Zergling x6, Roach x7  
  156  14:54  Zergling x22  
  184  15:00  Zergling x12  
  190  15:19  Baneling x9  
  190  15:20  Baneling x8  
  190  15:26  Hatchery  
  188  15:38  Hatchery  
Show
View Real Time Build Order
Export as new Build Order

ClsClassiC Terran 

Build Orders: Reaper Expand, Mech 

Get SALT Encoding   

  12  0:00  SCV  
  13  0:12  SCV  
  14  0:17  Supply Depot  
  14  0:24  SCV  
  15  0:39  SCV  
  15  0:40  Barracks  
  16  0:45  Refinery  
  16  0:51  SCV  
  17  1:03  SCV  
  18  1:15  SCV  
  19  1:27  Orbital Command  
  19  1:28  Reaper  
  20  1:44  Command Center  
  20  1:54  SCV  
  21  1:56  Supply Depot  
  21  2:00  Marine  
  22  2:07  SCV  
  22  2:19  SCV  
  22  2:20  Factory  
  23  2:26  Barracks Reactor  
  23  2:31  SCV  
  23  2:32  Refinery  
  24  2:41  Bunker  
  24  2:43  SCV  
  25  2:55  SCV  
  26  2:59  Orbital Command  
  26  3:03  Marine x2  
  26  3:05  Factory Tech Lab, Starport  
  28  3:08  SCV  
  29  3:20  SCV  
  29  3:23  Marine  
  29  3:24  Marine  
  29  3:25  Supply Depot  
  29  3:27  SCV  
  33  3:31  Siege Tank  
  33  3:32  SCV  
  37  3:44  SCV x2  
  37  3:45  Medivac  
  41  3:52  Marine x2  
  43  3:56  SCV x2  
  43  4:01  Supply Depot  
  45  4:08  SCV x2  
  45  4:09  Siege Tank  
  50  4:24  SCV x2  
  52  4:32  Command Center, Medivac  
  52  4:36  SCV x2  
  56  4:42  Refinery  
  56  4:43  Refinery  
  55  4:47  Armory  
  55  4:48  SCV x2  
  55  4:52  Marine x2  
  59  5:11  Marine x2  
  59  5:12  Engineering Bay  
  61  5:14  SCV  
  61  5:20  SCV  
  63  5:24  Supply Depot  
  63  5:33  SCV x2  
  65  5:43  Thor  
  65  5:45  Orbital Command  
  65  5:47  Supply Depot  
  65  5:49  SCV x2  
  73  5:51  Starport Tech Lab  
  73  5:56  Missile Turret x2  
  73  6:02  SCV x2  
  75  6:06  Orbital Command  
  75  6:11  Missile Turret  
  75  6:14  SCV x2  
  75  6:22  Missile Turret  
  75  6:24  Terran Vehicle Weapons Level 1  
  75  6:26  Thor  
  75  6:29  SCV  
  75  6:30  SCV  
  75  6:31  Raven  
  85  6:39  SCV  
  83  6:48  Command Center  
  83  6:49  SCV x2  
  83  6:51  SCV  
  86  6:56  Factory  
  86  7:00  Factory x2  
  84  7:15  SCV x2  
  86  7:16  SCV  
  87  7:23  Missile Turret  
  87  7:27  SCV x2  
  87  7:28  SCV  
  90  7:38  Factory, Starport Reactor  
  90  7:39  SCV x2  
  90  7:40  SCV, Factory  
  93  7:44  Factory Tech Lab  
  93  7:45  Factory Tech Lab  
  93  7:50  Factory Tech Lab  
  93  7:51  Refinery, Factory, SCV x2  
  93  7:52  SCV, Factory  
  93  7:53  Refinery  
  93  7:57  Siege Tank  
  99  8:03  Missile Turret  
  99  8:04  SCV x3  
  102  8:11  Sensor Tower  
  102  8:16  SCV x2  
  102  8:17  SCV, Orbital Command  
  102  8:18  Sensor Tower  
  105  8:21  Thor  
  105  8:23  Hellbat x2  
  115  8:29  Infernal Pre-Igniter  
  115  8:30  Hellbat x4  
  123  8:39  SCV  
  124  8:42  Orbital Command  
  124  8:50  Supply Depot, Refinery  
  124  8:54  Supply Depot, Refinery  
  124  8:55  Supply Depot  
  124  8:57  Command Center  
  124  9:12  Thor, SCV x2  
  124  9:14  Medivac x2  
  124  9:15  SCV x2  
  124  9:16  Supply Depot  
  138  9:17  Supply Depot  
  138  9:19  Supply Depot  
  138  9:21  Missile Turret  
  138  9:24  Missile Turret  
  138  9:27  SCV  
  138  9:28  Supply Depot x2, SCV x3  
  142  9:35  Factory Tech Lab  
  142  9:39  SCV  
  142  9:40  SCV x3  
  146  9:51  SCV  
  147  9:53  SCV x2  
  147  9:59  Command Center  
  149  10:00  Neosteel Armor  
  149  10:02  Factory Tech Lab, Sensor Tower  
  149  10:03  Siege Tank x3  
  149  10:05  Siege Tank  
  161  10:13  Thor  
  167  10:18  Planetary Fortress  
  146  10:32  SCV  
  146  10:33  SCV  
  136  10:37  Siege Tank x4, Hellbat  
  136  10:38  Hellbat  
  118  10:54  Thor  
  118  10:55  Hellbat  
  100  10:57  Orbital Command  
  91  11:09  SCV x3  
  94  11:13  Siege Tank  
  97  11:21  SCV x3  
  100  11:30  SCV  
  101  11:33  SCV x3  
  101  11:35  Barracks Tech Lab  
  101  11:36  Ghost Academy  
  101  11:37  Factory  
  100  11:42  SCV  
  100  11:45  SCV x3  
  63  12:00  Thor  
  63  12:01  Hellbat  
  62  12:13  SCV x2  
  64  12:20  Siege Tank  
  67  12:25  Missile Turret  
  67  12:28  Widow Mine  
  69  12:32  Siege Tank  
  72  12:39  Supply Depot  
  72  12:40  Siege Tank  
  72  12:44  Hellbat  
  77  12:47  Orbital Command  
  77  12:51  Supply Depot  
  77  13:02  Hellbat x3  
  81  13:12  SCV x3  
  84  13:13  Factory Tech Lab  
  84  13:24  SCV  
  84  13:26  Refinery  
  85  13:38  Barracks  
  87  13:43  Hellbat x2  
  91  13:50  SCV  
  91  13:51  SCV x2  
  94  14:03  Sensor Tower  
  94  14:04  Unknown  
  94  14:05  SCV  
  94  14:08  SCV  
  94  14:09  SCV  
  90  14:23  Orbital Command  
  79  14:25  Orbital Command  
  79  14:27  SCV x3  
  66  14:39  SCV  
  66  14:43  SCV  
  59  14:51  SCV  
  60  14:55  SCV  
  61  15:03  SCV  
  64  15:17  SCV x2  
  64  15:18  SCV  
  64  15:19  SCV  
  68  15:22  Barracks Tech Lab  
  68  15:25  Hellbat  
  70  15:40  Unknown  
Tags
 
Add a new tag
Caveats
  • Supply blocks, unpowered buildings, or Contaminate may cause inaccurate times.
  • Supply counts are checked every 10 seconds.